Map: Thunderbird LE

Players

Clem

  • Race: Terran Terran
  • Spawn Location: 11:00

Stephano - Winner!

  • Race: Zerg Zerg
  • Spawn Location: 5:00

Event: 2019 WCS Summer

VOD

Have the link to the VOD?

Description

Time

  • Played on: July 12, 2019, 7:23 a.m.
  • Length: 8:42

All games in this series

Show
View Real Time Build Order
Export as new Build Order

Clem Terran 

Build Orders: Hellion Opening, Reaper Expand 

Get SALT Encoding   

  12  0:00  SCV  
  13  0:13  SCV  
  14  0:17  Supply Depot  
  14  0:25  SCV  
  15  0:38  SCV  
  15  0:40  Barracks  
  16  0:42  Refinery  
  16  0:50  SCV  
  17  1:02  SCV  
  18  1:15  SCV  
  19  1:27  Orbital Command, Reaper  
  20  1:38  Command Center  
  20  1:49  Supply Depot  
  20  1:53  SCV  
  21  1:59  Marine  
  22  2:05  SCV  
  22  2:07  Factory  
  23  2:17  Refinery, SCV  
  23  2:20  Barracks Reactor  
  24  2:29  SCV  
  25  2:41  SCV  
  25  2:51  Orbital Command  
  26  2:52  Starport  
  26  2:53  SCV  
  27  3:00  Hellion x2  
  27  3:04  Marine  
  32  3:06  SCV  
  32  3:12  Supply Depot  
  33  3:18  SCV  
  34  3:20  SCV  
  34  3:22  Hellion x2  
  39  3:29  Fusion Core  
  39  3:30  Starport Tech Lab  
  39  3:31  SCV  
  40  3:43  Supply Depot  
  40  3:45  Hellion x2  
  40  3:46  SCV  
  45  3:53  SCV  
  46  4:00  SCV  
  43  4:07  Supply Depot  
  43  4:08  SCV  
  44  4:12  Hellion x2  
  54  4:17  Battlecruiser  
  54  4:18  SCV  
  55  4:24  Barracks Tech Lab  
  55  4:26  SCV  
  55  4:30  SCV  
  57  4:38  SCV  
  58  4:44  Command Center  
  58  4:47  Stimpack  
  58  4:49  SCV  
  58  4:51  Marine  
  60  4:53  SCV  
  60  4:55  Supply Depot  
  60  4:59  Factory Reactor  
  61  5:02  SCV  
  61  5:05  SCV  
  63  5:07  Barracks  
  63  5:09  Barracks  
  63  5:11  Marine  
  64  5:16  SCV, Supply Depot  
  64  5:20  SCV  
  66  5:25  Engineering Bay  
  66  5:28  Engineering Bay  
  66  5:29  Starport Reactor, SCV  
  66  5:31  Marine  
  66  5:32  SCV  
  69  5:37  Refinery  
  69  5:38  Refinery  
  69  5:44  SCV x2  
  69  5:48  Marine  
  72  5:50  Siege Tank  
  72  5:52  Bunker  
  75  5:57  Marine x3  
  75  6:00  Orbital Command  
  75  6:03  SCV x2  
  80  6:06  Marine  
  78  6:12  Bunker  
  78  6:15  Marine x3  
  68  6:23  Siege Tank  
  68  6:24  Marine  
  57  6:33  Marine x3  
  59  6:43  SCV  
  59  6:44  SCV x2  
  62  6:48  Marine  
  63  6:55  SCV  
  63  6:57  SCV  
  52  7:11  Marine x2  
  52  7:12  SCV x2  
  52  7:14  Marine x2  
  47  7:26  SCV x2  
  47  7:29  Marine x2  
  51  7:30  Siege Tank  
  51  7:31  SCV  
  55  7:38  Marine x2, SCV x2  
  55  7:43  SCV  
  60  7:49  Marine  
  60  7:50  SCV  
  62  7:52  Marine  
  64  8:04  Marine  
  64  8:05  SCV  
  50  8:06  SCV  
  50  8:12  Marine  
  44  8:15  SCV  
  44  8:17  SCV  
  44  8:18  SCV  
  36  8:27  SCV  
  36  8:29  SCV  
Show
View Real Time Build Order
Export as new Build Order

Stephano Zerg - Winner!

Build Orders: Hatch First 

Get SALT Encoding   

  12  0:00  Drone  
  13  0:12  Overlord  
  13  0:17  Drone  
  14  0:30  Drone x2  
  16  0:47  Hatchery  
  15  0:50  Drone  
  15  0:53  Drone  
  17  0:57  Drone  
  18  1:08  Extractor  
  17  1:12  Spawning Pool  
  17  1:15  Drone  
  17  1:18  Drone  
  18  1:28  Drone  
  19  1:38  Drone  
  20  1:49  Drone  
  21  1:59  Queen  
  21  2:00  Zergling x4  
  25  2:05  Hatchery  
  24  2:11  Queen  
  26  2:16  Overlord  
  26  2:20  Drone  
  26  2:22  Drone  
  28  2:35  Queen  
  30  2:37  Drone x2  
  30  2:41  Drone  
  30  2:43  Metabolic Boost  
  33  2:52  Overlord  
  33  2:54  Drone x2  
  35  2:58  Drone  
  36  3:15  Drone x2  
  36  3:19  Queen x2  
  42  3:20  Drone x3  
  42  3:25  Overlord  
  45  3:28  Zergling x4  
  45  3:33  Drone  
  48  3:38  Zergling x4  
  50  3:44  Drone x3  
  50  3:48  Drone x3  
  56  3:50  Drone x2  
  58  4:00  Overlord  
  58  4:01  Overlord  
  58  4:02  Lair  
  58  4:13  Extractor  
  58  4:14  Extractor  
  58  4:15  Zergling x4  
  58  4:22  Drone x7  
  65  4:27  Drone x4  
  69  4:32  Drone x3  
  69  4:34  Drone x2  
  69  4:38  Queen x2  
  70  4:42  Spore Crawler  
  70  4:43  Spore Crawler  
  70  4:47  Zergling x2, Spore Crawler  
  70  4:49  Zergling x2  
  71  4:54  Drone x3  
  71  4:59  Overlord  
  74  5:00  Overlord  
  74  5:05  Spore Crawler  
  73  5:08  Nydus Network  
  73  5:09  Zergling x2  
  73  5:10  Zergling x4, Spore Crawler  
  74  5:17  Evolution Chamber, Queen x2  
  74  5:19  Zergling x4  
  74  5:20  Zergling x2, Evolution Chamber  
  79  5:25  Zergling x8  
  83  5:28  Overseer  
  83  5:35  Zergling x12  
  85  5:45  Drone x2  
  85  5:46  Zergling x4  
  85  5:49  Nydus Canal  
  89  5:51  Queen  
  89  5:54  Zergling x2  
  90  6:08  Nydus Canal  
  90  6:12  Zergling x2  
  90  6:14  Queen  
  90  6:17  Zergling x6  
  87  6:19  Queen  
  87  6:23  Zergling x6, Nydus Canal  
  88  6:26  Queen  
  88  6:31  Zergling x2  
  88  6:32  Zergling x12  
  87  6:43  Zerg Missile Weapons Level 1, Zerg Ground Armor Level 1  
  86  6:49  Queen  
  88  6:55  Queen, Nydus Canal  
  88  6:57  Zergling x2  
  88  7:00  Overlord  
  89  7:02  Queen  
  84  7:11  Zergling x2  
  84  7:12  Hatchery  
  78  7:18  Overlord  
  78  7:21  Drone x7  
  85  7:25  Queen, Extractor  
  85  7:26  Extractor  
  85  7:28  Infestation Pit, Extractor  
  85  7:29  Nydus Canal  
  83  7:31  Queen  
  83  7:36  Zergling x14  
  90  7:51  Nydus Canal  
  90  7:53  Overlord  
  90  7:57  Queen  
  92  8:01  Nydus Canal  
  92  8:03  Queen  
  90  8:07  Drone x3  
  81  8:21  Zergling x14  
  81  8:22  Nydus Canal  
  85  8:30  Drone x3  
  89  8:37  Nydus Canal  
Tags
 
Add a new tag
Caveats
  • Supply blocks, unpowered buildings, or Contaminate may cause inaccurate times.
  • Supply counts are checked every 10 seconds.